 Dungeon Crawl Stone Soup version 0.31.0-11-ge490571c62 (webtiles) character file.

Game seed: 7419965437716191404

100370 RepHenryClay the Acrobat (level 15, -6/81 (82) HPs)
             Began as a Deep Elf Earth Elementalist on Jan 28, 2024.
             Was a High Priest of Vehumet.
             Killed from afar by a black draconian (30 damage)
             ... with a bolt of lightning
             ... on level 2 of the Abyss.
             The game lasted 01:28:04 (34009 turns).

RepHenryClay the Acrobat (DEEE)                    Turns: 34009, Time: 01:28:05

HP:   -6/81 (82)    AC:  9    Str:  5    XL:     15   Next: 80%
MP:   7/42          EV: 27    Int: 24    God:    Vehumet [*****.]
Gold: 2370          SH:  0    Dex: 19    Spells: 16/38 levels left

rFire   + . .        a - staff of earth
rCold   + . .        (no shield)
rNeg    . . .        B - +2 robe {rC+ rF+}
rPois   +            c - +1 hat
rElec   .            M - +0 cloak
rCorr   .            G - +1 pair of gloves
SInv    .            J - +0 pair of boots
Will    +....        e - amulet of regeneration
Stlth   ++++         g - ring of magical power
HPRegen 1.13/turn    t - ring of poison resistance
MPRegen 0.28/turn

%: no passive effects
@: lightly drained
A: [subdued magic 2]
a: Renounce Religion


You were on level 2 of the Abyss.
You worshipped Vehumet.
Vehumet was extremely pleased with you.
You visited 5 branches of the dungeon, and saw 24 of its levels.
You visited the Abyss 1 time.
You also visited: Bailey and Gauntlet.

You collected 2674 gold pieces.
You spent 304 gold pieces at shops.

Inventory:

Hand Weapons
 j - a +2 dagger of venom
Armour
 c - a +1 hat (worn)
 B - a +2 robe of resistance (worn)
 G - a +1 pair of gloves (worn)
 J - a +0 pair of boots (worn)
 K - the +2 robe "Faseanwiakh" {rElec rF+++ Will- rCorr}
   (You found it on level 11 of the Dungeon)

   rF+++:     It renders you almost immune to fire.
   rElec:     It insulates you from electricity.
   Will-:     It decreases your willpower.
   rCorr:     It protects you from acid and corrosion.
 M - a +0 cloak (worn)
Magical Staves
 a - a staff of earth (weapon)
 h - a staff of death
 n - a staff of conjuration
Jewellery
 d - a ring of positive energy
 e - an amulet of regeneration (around neck)
 g - a ring of magical power (left hand)
 l - a ring of flight
 t - a ring of poison resistance (right hand)
 u - a +5 ring of evasion
 L - a ring of wizardry
 O - a ring of willpower
 R - a ring of ice
 S - a +6 ring of dexterity
 V - an amulet of magic regeneration
 W - a ring of protection from fire
 X - a ring of resist corrosion
Wands
 A - a wand of roots (28)
 F - a wand of mindburst (10)
 N - a wand of paralysis (8)
 P - a wand of acid (6)
Scrolls
 i - a scroll of enchant armour
 m - 6 scrolls of enchant weapon
 q - a scroll of identify {@r1}
 w - 5 scrolls of fog
 z - 4 scrolls of poison
 C - 4 scrolls of amnesia
 Q - 2 scrolls of blinking
 U - 2 scrolls of fear
 Y - 2 scrolls of immolation
Potions
 b - 2 potions of magic
 f - 4 potions of curing
 k - 5 potions of attraction
 o - 7 potions of mutation
 p - 6 potions of enlightenment
 s - 3 potions of cancellation
 D - a potion of lignification
 H - 4 potions of might
 T - 2 potions of haste
Miscellaneous
 x - a condenser vane
 Z - a box of beasts


   Skills:
 - Level 5.0 Fighting
 - Level 21.4 Dodging
 + Level 7.7 Stealth
 - Level 12.0 Spellcasting
 - Level 16.8 Conjurations
 - Level 5.0 Translocations
 - Level 10.0 Earth Magic
 - Level 5.0 Evocations


You had 16 spell levels left.
You knew the following spells:

 Your Spells              Type           Power      Damage    Failure   Level
a - Sandblast             Erth           100%       2d20      0%          1
b - Stone Arrow           Conj/Erth      100%       3d13      0%          3
c - Iskenderun's Mystic   Conj/Tloc      41%        2d9       1%          4
d - Lee's Rapid Deconstr  Erth           27%        3d15*     1%          5
e - Mephitic Cloud        Conj/Alch/Air  25%        N/A       1%          3
f - Bombard               Conj/Erth      32%        9d6       1%          6

Your spell library contained the following spells:

 Spells                   Type           Power      Damage    Failure   Level
 Eringya's Noxious Bog    Alch           4%         4d6       77%         6
 Static Discharge         Conj/Air       68%        3-6/arc   1%          2
 Dazzling Flash           Conj/Hex       68%        N/A       1%          3
 Gell's Gravitas          Tloc           24%        N/A       1%          3
 Passwall                 Erth           55%        N/A       1%          3
 Teleport Other           Tloc           24%        N/A       1%          3
 Volatile Blastmotes      Fire/Tloc      32%        2d12      1%          3
 Brom's Barrelling Bould  Conj/Erth      65%        2d8       1%          4
 Fulminant Prism          Conj/Alch      17%        3d10      1%          4
 Slow                     Hex            36%        N/A       2%          1
 Leda's Liquefaction      Alch/Erth      18%        N/A       3%          4
 Manifold Assault         Tloc           24%        N/A       3%          4
 Petrify                  Alch/Erth      36%        N/A       3%          4
 Confusing Touch          Hex            9%         N/A       9%          3
 Fugue of the Fallen      Necr           9%         N/A       9%          3
 Ozocubu's Armour         Ice            9%         N/A       9%          3
 Sigil of Binding         Hex            9%         N/A       9%          3
 Vampiric Draining        Necr           9%         2d6       9%          3
 Airstrike                Air            4%         2d(1-17)  9%          4
 Summon Lightning Spire   Summ/Air       9%         N/A       30%         4
 Dispersal                Tloc           12%        N/A       54%         6
 Curse of Agony           Necr           9%         N/A       67%         5
 Silence                  Hex/Air        4%         N/A       67%         5
 Polar Vortex             Ice            4%         N/A       100%        9


Dungeon Overview and Level Annotations

Branches:
Dungeon (15/15)            Temple (1/1) D:6            Lair (5/5) D:11
  Swamp (0/4) Lair:2        Snake (1/4) Lair:3        Slime (0/5) Lair:4
    Orc (2/2) D:12            Elf (0/3) Orc:2        Vaults (0/5) D:13
 Depths (0/4) D:15         Bailey (visited)         Gauntlet (visited)

Altars:
Ashenzari
Cheibriados
Dithmenos
Elyvilon
Fedhas
Gozag
Hepliaklqana
Kikubaaqudgha
Makhleb
Nemelex Xobeh
Okawaru
Qazlal
Ru
Sif Muna
Trog
Uskayaw
Vehumet
Wu Jian
Xom
Yredelemnul
Zin
The Shining One
Jiyva

Shops:
D:4 !*   D:7 :   D:11 !   D:12 ([   Orc:2 :(*(

Portals:
Trove: D:15 (give +4 storm dragon scales)

Annotations:
Snake:1 Aizul; Louise
Orc:1 3 runed translucent doors, hgbash's ghost, journeyman TrFi
Orc:2 Saint Roka


Innate Abilities, Weirdness & Mutations

[Your spells are easier to cast, but less powerful.]


Message History

Press: ? - help, Shift-Dir - straight line, f - you You feel a surge of power!
The iron shot hits something!!
Vehumet accepts your kill.
You feel your power returning.
You feel a bit more experienced.
You hear a roar!
You feel the corruption within you wane somewhat.
Your urge to scream lessens.
Your urge to shout disappears.
A black draconian comes into view. It is wielding a +0 long sword.
Casting: Bombard (dangerous; 1% risk of failure)
Confirm with . or Enter, or press ? or * to list all spells.
Aiming: Bombard (dangerous; 1% risk of failure)
Press: ? - help, Shift-Dir - straight line, f - black draconian
Aim: a black draconian, wielding a +0 long sword (74% to hit)
You feel a surge of power!
The iron shot hits the black draconian!!
The black draconian is moderately wounded.
Casting: Bombard (dangerous; 1% risk of failure)
Confirm with . or Enter, or press ? or * to list all spells.
Aiming: Mephitic Cloud (safe; 1% risk of failure)
Press: ? - help, Shift-Dir - straight line, f/p - black draconian
Aim: a black draconian, wielding a +0 long sword (moderately wounded, chance to affect: 34%)
The ball explodes into a vile cloud!
The stinking cloud engulfs the black draconian.
The black draconian is moderately wounded.
You hear a shout!
The black draconian is engulfed in noxious fumes.
The black draconian breathes lightning at you.
The bolt of lightning misses you.
You hear a horrible gurgling sound!
Casting: Mephitic Cloud (safe; 1% risk of failure)
Confirm with . or Enter, or press ? or * to list all spells.
Aiming: Bombard (dangerous; 1% risk of failure)
Press: ? - help, Shift-Dir - straight line, f/p - black draconian
Aim: a black draconian, wielding a +0 long sword (noxious fumes, moderately wounded, 74% to hit)
You feel a surge of power!
The iron shot misses the black draconian.
The black draconian is engulfed in noxious fumes.
The black draconian breathes lightning at you.
The bolt of lightning hits you!!
You die...

z. . ##
####..##§#
...# ..#.#
#.....z...#
#......##.
....#..#. #
##...#..##
#§#.d##.# #
###§@##
#...# #####


You could see a black draconian (catching breath).

Vanquished Creatures
  2 liches (Abyss:2)
  Donald (Orc:2)
  A balrug (Abyss:2)
  A stone giant (D:15)
  A very ugly thing (D:13)
  An eleionoma (Lair:2)
  A minotaur (Gauntlet)
  3 fire dragons
  Josephine (Lair:4)
  Erolcha (D:12)
  Fannar (Lair:2)
  A rakshasa (D:13)
  An ogre mage (D:13)
  5 centaur warriors
  2 hydras (D:13)
  Erica (D:8)
  6 two-headed ogres
  3 tengu warriors
  3 death yaks (Lair:5)
  3 boulder beetles
  A shock serpent (Snake:1)
  An orc high priest (Orc:2)
  A deep elf knight (D:13)
  Amaemon (D:9)
  2 wretched stars
  A skeletal warrior (D:13)
  A large abomination (Abyss:2)
  A glowing orange brain (Abyss:2)
  The ghost of browni3141 the Trooper, a novice MiFi (D:5)
  Pikel (D:6)
  A deep elf zephyrmancer (D:13)
  A necromancer (Lair:3)
  6 orc knights
  8 deep elf pyromancers
  An orc sorcerer (Orc:2)
  Maurice (D:8)
  17 ugly things
  3 cyclopes
  An oklob plant (D:11)
  2 manticores
  A meliai (shapeshifter) (D:15)
  5 elephants
  2 kobold blastminers (Orc:2)
  A guardian serpent (D:11)
  A gargoyle (D:12)
  9 cane toads
  3 smoke demons
  4 centaur skeletons (D:13)
  7 black mambas
  A black mamba (shapeshifter) (Abyss:2)
  A rime drake (Lair:4)
  An orange demon (D:9)
  2 unseen horrors
  A kobold demonologist (Abyss:2)
  4 komodo dragons
  Jeremiah (D:8)
  A minotaur zombie (Gauntlet)
  An ancient zyme (Abyss:2)
  A guardian mummy (D:15)
  A tengu conjurer (D:13)
  A queen bee (Gauntlet)
  8 polar bears
  8 hornets
  7 trolls
  A wind drake (shapeshifter) (D:13)
  17 blink frogs
  A dream sheep (Lair:5)
  A ynoxinul (Abyss:2)
  8 wyverns
  8 slime creatures
  11 spriggans (Lair:5)
  2 shadows
  6 wraiths
  3 vampires
  4 wargs
  40 yaks
  5 basilisks
  A neqoxec (Gauntlet)
  A basilisk (shapeshifter) (D:14)
  Menkaure (D:5)
  3 nagas
  Edmund (D:5)
  An acid dragon (D:13)
  8 water moccasins
  A hell hound (Abyss:2)
  3 black bears
  An ice beast (D:7)
  A black bear (shapeshifter) (D:13)
  49 orc warriors
  8 laughing skulls
  2 small abominations (Abyss:2)
  42 wolves
  4 boggarts (Lair:5)
  5 ogres
  12 centaurs
  2 lemures
  A phantom (D:5)
  2 kobold brigands
  Blork the orc (D:6)
  A scorpion (Lair:1)
  6 bullfrogs
  8 wights (D:10)
  11 killer bees
  2 electric eels (Lair:3)
  4 howler monkeys
  A howler monkey (shapeshifter) (D:13)
  2 crimson imps (Gauntlet)
  A jelly (D:5)
  5 quasits
  4 hounds
  17 orc priests
  2 iguanas (D:5)
  Ijyb (D:5)
  3 sleepcaps
  16 orc wizards
  Terence (D:3)
  3 polar bear simulacra (Lair:3)
  6 yak simulacra (Lair:3)
  A wolf simulacrum (Lair:3)
  Robin (D:2)
  3 gnolls (D:7)
  4 adders
  2 river rats (Lair:3)
  2 shadow imps
  4 white imps
  4 ufetubi
  2 dart slugs
  118 orcs
  5 ball pythons
  10 endoplasms
  A giant cockroach (D:2)
  14 goblins
  7 hobgoblins
  2 jackals (D:4)
  19 kobolds
  3 quokkas
  7 bats
  A frilled lizard (D:2)
  7 rats
  A river rat simulacrum (Lair:3)
732 creatures vanquished.

Vanquished Creatures (others)
  A centaur simulacrum (Abyss:2)
  A golden eye (Abyss:2)
  An iron imp (Abyss:2)
  An orc (Orc:2)
  A lurking horror (Abyss:2)
5 creatures vanquished.

Grand Total: 737 creatures vanquished

Notes
Turn   | Place    | Note
-------+----------+-------------------------------------------
     0 | D:1      | RepHenryClay the Deep Elf Earth Elementalist began the
                  | quest for the Orb.
     0 | D:1      | Reached XP level 1. HP: 10/10 MP: 6/6
   342 | D:1      | Reached XP level 2. HP: 15/15 MP: 6/8
  1072 | D:2      | Reached XP level 3. HP: 19/19 MP: 9/9
  1139 | D:2      | Reached skill level 3 in Dodging
  1320 | D:2      | Noticed Robin
  1325 | D:2      | Killed Robin
  1512 | D:2      | Reached XP level 4. HP: 21/24 MP: 11/11
  1925 | D:3      | Noticed Terence
  1943 | D:3      | Killed Terence
  1949 | D:3      | Learned a level 3 spell: Stone Arrow
  2132 | D:3      | Found a faded altar of an unknown god.
  2144 | D:3      | Reached XP level 5. HP: 24/28 MP: 12/12
  2195 | D:3      | Identified the +5 leather armour of Yesterday {rN+}
  2651 | D:4      | Noticed a hornet
  2670 | D:4      | Found Ea-nāṣir's Fine Metal Goods.
  2733 | D:5      | Entered Level 5 of the Dungeon
  2846 | D:5      | Noticed a black bear
  2847 | D:5      | Reached skill level 5 in Earth Magic
  2855 | D:5      | Noticed a phantom
  2856 | D:5      | Killed a black bear
  2857 | D:5      | Reached XP level 6. HP: 11/32 MP: 12/13
  3055 | D:5      | Reached skill level 4 in Dodging
  3225 | D:5      | Noticed Menkaure
  3227 | D:5      | Killed Menkaure
  3228 | D:5      | Reached XP level 7. HP: 20/36 MP: 14/14
  3417 | D:5      | Found a transporter.
  3421 | D:5      | Noticed browni3141's ghost (novice MiFi)
  3440 | D:5      | Reached skill level 5 in Conjurations
  3496 | D:5      | Found a transporter.
  3553 | D:5      | Reached skill level 5 in Dodging
  3766 | D:5      | Noticed Edmund
  3772 | D:5      | Killed Edmund
  3773 | D:5      | Reached skill level 6 in Dodging
  3982 | D:5      | Noticed Ijyb
  4006 | D:5      | Killed Ijyb
  4220 | D:6      | Reached XP level 8. HP: 29/41 MP: 15/15
  4549 | D:6      | Learned a level 4 spell: Iskenderun's Mystic Blast
  4552 | D:6      | Reached skill level 1 in Translocations
  4596 | D:6      | Noticed Blork the orc
  4601 | D:6      | Killed Blork the orc
  4720 | D:6      | Reached skill level 7 in Dodging
  4802 | D:6      | Found a staircase to the Ecumenical Temple.
  4803 | D:6      | Noticed Pikel
  4925 | D:6      | Killed Pikel
  5251 | Temple   | Entered the Ecumenical Temple
  5260 | Temple   | Became a worshipper of Vehumet
  5397 | D:7      | Reached skill level 8 in Dodging
  5404 | D:7      | Found Ugruoriz's Book Boutique.
  5450 | D:7      | Reached XP level 9. HP: 45/45 MP: 16/16
  5608 | D:7      | Identified 2 scrolls of acquirement
  5608 | D:7      | Acquired a staff of earth
  5611 | D:7      | Acquired a staff of conjuration
  5631 | D:7      | Found a flagged portal.
  5665 | Bailey   | Entered a bailey
  5734 | Bailey   | HP: 2/45 [orc warrior/bolt (18)]
  5769 | Bailey   | Reached skill level 5 in Translocations
  5896 | Bailey   | Reached * piety under Vehumet
  5896 | Bailey   | Offered knowledge of Sting by Vehumet.
  5959 | Bailey   | Reached skill level 9 in Dodging
  6181 | Bailey   | Reached skill level 10 in Dodging
  6267 | Bailey   | Noticed an orc knight
  6276 | Bailey   | Killed an orc knight
  6277 | Bailey   | Reached skill level 11 in Dodging
  6663 | D:8      | Reached skill level 12 in Dodging
  6786 | D:8      | Reached XP level 10. HP: 50/50 MP: 17/17
  7099 | D:8      | Noticed Maurice
  7100 | D:8      | Noticed Erica
  7220 | D:9      | Reached skill level 13 in Dodging
  7631 | D:9      | Noticed Amaemon
  7631 | D:9      | Noticed an orange demon
  7634 | D:9      | Killed an orange demon
  7719 | D:9      | Killed Amaemon
  7720 | D:9      | Reached skill level 14 in Dodging
  7963 | D:9      | Reached skill level 15 in Dodging
  7970 | D:9      | Learned a level 5 spell: Lee's Rapid Deconstruction
  8012 | D:9      | Found a sparkling altar of Nemelex Xobeh.
  8607 | D:10     | Entered Level 10 of the Dungeon
  8848 | D:10     | Reached ** piety under Vehumet
  8848 | D:10     | Offered knowledge of Foxfire by Vehumet.
  8849 | D:10     | Reached skill level 5 in Spellcasting
  8994 | D:10     | Found a hide-covered altar of Uskayaw.
  8994 | D:10     | Found a burning altar of Makhleb.
  9162 | D:10     | Noticed a two-headed ogre
  9345 | D:10     | Reached XP level 11. HP: 47/54 MP: 12/21
  9507 | D:10     | Killed a two-headed ogre
 10184 | D:10     | Found a hide-covered altar of Uskayaw.
 10184 | D:10     | Found a burning altar of Makhleb.
 10609 | D:11     | Noticed a two-headed ogre
 10705 | D:11     | Found Axkysall's Distillery.
 10713 | D:11     | Bought a potion of lignification for 33 gold pieces
 10713 | D:11     | Bought a potion of heal wounds for 55 gold pieces
 10832 | D:11     | Offered knowledge of Dazzling Flash by Vehumet.
 10895 | D:11     | Noticed a two-headed ogre
 10900 | D:11     | Killed a two-headed ogre
 11251 | D:11     | Found a staircase to the Lair.
 11251 | D:11     | Noticed an oklob plant
 11339 | D:11     | Noticed a boulder beetle
 11351 | D:11     | Killed a boulder beetle
 11418 | D:11     | Reached skill level 10 in Earth Magic
 11418 | D:11     | Identified the amulet of Podeu {Faith rElec Will+++ Str-3
                  | Dex-4}
 11536 | D:11     | Identified the +2 robe "Faseanwiakh" {rElec rF+++ Will-
                  | rCorr}
 11632 | D:11     | Noticed a deep elf pyromancer
 11634 | D:11     | Killed a deep elf pyromancer
 11742 | D:11     | Learned a level 3 spell: Mephitic Cloud
 11818 | D:8      | Noticed a two-headed ogre
 11825 | D:8      | Killed a two-headed ogre
 11867 | D:8      | Noticed Jeremiah
 11870 | D:8      | Killed Jeremiah
 11996 | D:8      | Killed Erica
 12109 | D:8      | Reached *** piety under Vehumet
 12150 | D:8      | Killed Maurice
 12707 | D:11     | Killed an oklob plant
 12708 | D:11     | Reached skill level 16 in Dodging
 12716 | Lair:1   | Entered Level 1 of the Lair of Beasts
 12726 | Lair:1   | Reached skill level 10 in Conjurations
 12726 | Lair:1   | Reached XP level 12. HP: 57/59 MP: 24/24
 12733 | Lair:1   | Offered knowledge of Frozen Ramparts by Vehumet.
 14099 | Lair:2   | Reached skill level 17 in Dodging
 14113 | Lair:2   | Noticed Fannar
 14128 | Lair:2   | Killed Fannar
 14265 | Lair:2   | Noticed an eleionoma
 14507 | Lair:2   | Reached **** piety under Vehumet
 14726 | Lair:3   | Offered knowledge of Yara's Violent Unravelling by Vehumet.
 15014 | Lair:3   | Found a staircase to the Snake Pit.
 15018 | Lair:3   | Reached skill level 18 in Dodging
 15423 | Lair:3   | Reached XP level 13. HP: 58/63 MP: 24/25
 16276 | Lair:4   | Found a staircase to the Slime Pits.
 16276 | Lair:4   | Found a viscous altar of Jiyva.
 16557 | Lair:4   | Noticed Josephine
 16564 | Lair:4   | Killed Josephine
 17263 | Lair:5   | Entered Level 5 of the Lair of Beasts
 17371 | Lair:5   | Reached ***** piety under Vehumet
 17390 | Lair:4   | Offered knowledge of Flame Wave by Vehumet.
 17928 | Lair:5   | Reached skill level 19 in Dodging
 19407 | Lair:5   | Found a basalt altar of Yredelemnul.
 19832 | Lair:5   | Reached skill level 15 in Conjurations
 21013 | D:4      | Found Kezetak's Distillery.
 21021 | D:4      | Bought 2 potions of heal wounds for 120 gold pieces
 21021 | D:4      | Bought a potion of heal wounds for 60 gold pieces
 21021 | D:4      | Bought a potion of curing for 36 gold pieces
 21219 | D:4      | Identified the +0 leather armour of the Robin {Rampage rF+
                  | rC- Dex+4}
 21224 | D:4      | Offered knowledge of Sticky Flame by Vehumet.
 21397 | D:5      | Killed browni3141's ghost
 21400 | D:5      | Reached skill level 20 in Dodging
 21784 | D:12     | Reached XP level 14. HP: 68/68 MP: 26/26
 22160 | D:12     | Found Zaniwip's Armour Shop.
 22164 | D:12     | Found a staircase to the Orcish Mines.
 22166 | D:12     | Found Buta Diu's Weapon Shop.
 22296 | D:12     | Noticed Erolcha
 22306 | D:12     | Killed Erolcha
 22519 | D:12     | Learned a level 6 spell: Bombard
 22569 | Orc:1    | Entered Level 1 of the Orcish Mines
 22780 | Orc:1    | Reached skill level 1 in Fighting
 22850 | Orc:1    | Noticed hgbash's ghost (journeyman TrFi)
 22889 | Orc:1    | Found a runed translucent gate.
 22890 | Orc:1    | Found a runed translucent gate.
 22891 | Orc:1    | Found a runed translucent gate.
 23028 | Orc:2    | Entered Level 2 of the Orcish Mines
 23029 | Orc:2    | Noticed Saint Roka
 23282 | D:13     | Noticed a purple very ugly thing
 23827 | D:13     | Reached skill level 5 in Fighting
 24332 | D:13     | Killed a purple very ugly thing
 24714 | D:13     | Reached skill level 10 in Spellcasting
 25029 | D:13     | Found a gate to the Vaults.
 25374 | D:14     | Found a gate leading to a gauntlet.
 25377 | Gauntlet | Entered a Gauntlet
 25377 | Gauntlet | Found a transporter.
 25377 | Gauntlet | Found a transporter.
 25378 | Gauntlet | Found a transporter.
 25379 | Gauntlet | Found a transporter.
 25380 | Gauntlet | Found a transporter.
 25382 | Gauntlet | Found a transporter.
 25389 | Gauntlet | Found a transporter.
 25390 | Gauntlet | Found a transporter.
 25391 | Gauntlet | Found a transporter.
 25393 | Gauntlet | Found a transporter.
 25401 | Gauntlet | Found a transporter.
 25401 | Gauntlet | Found a transporter.
 25656 | Gauntlet | Reached skill level 1 in Evocations
 25685 | Gauntlet | Identified the +0 pair of gloves of Trial and Error {-Tele
                  | Harm +Inv Str+5}
 25776 | Gauntlet | Got Ijedd's Intricacies of Wizarding
 26456 | D:14     | Reached skill level 5 in Evocations
 26456 | D:14     | Reached XP level 15. HP: 82/82 MP: 27/33
 26784 | D:15     | Entered Level 15 of the Dungeon
 27341 | D:15     | Found a portal to a secret trove of treasure.
 27717 | D:15     | Offered knowledge of Conjure Ball Lightning by Vehumet.
 27990 | D:15     | Found a staircase to the Depths.
 28615 | Lair:2   | Found a staircase to the Swamp.
 29418 | Orc:2    | Found a staircase to the Elven Halls.
 29590 | Orc:1    | Reached skill level 21 in Dodging
 30075 | Orc:2    | Found Jisenwa's General Store.
 30075 | Orc:2    | Found Xugra Oxi's Weapon Shop.
 30077 | Orc:2    | Found Ruemas's Book Boutique.
 30079 | Orc:2    | Found Vatos's Weapon Emporium.
 30097 | Orc:2    | Noticed Donald
 30109 | Orc:2    | Killed Donald
 30588 | Orc:2    | Offered knowledge of Eringya's Noxious Bog by Vehumet.
 31779 | Snake:1  | Entered Level 1 of the Snake Pit
 31838 | Snake:1  | Identified the serpent talisman "Diuzazuw" {rF- rC+ Str+3}
 31838 | Snake:1  | Noticed Aizul
 32413 | Snake:1  | Noticed Louise
 32419 | Abyss:2  | Cast into level 2 of the Abyss (Louise)
 33030 | Abyss:2  | Reached skill level 5 in Stealth
 33918 | Abyss:2  | Noticed a lich
 33922 | Abyss:2  | Killed a lich
 33937 | Abyss:2  | Found a corrupted altar of Lugonu.
 33994 | Abyss:2  | Noticed a lich
 34005 | Abyss:2  | Killed a lich
 34009 | Abyss:2  | Killed from afar by a black draconian

Illustrated notes

Levels and vault maps discovered:
D:1:      dpeg_arrival_simpleton_b, layout_loops_ring
D:2:      layout_loops_ring, kennysheep_crisscross, uniq_robin
D:3:      layout_rooms, hellmonk_ecumenical_altar_leap_of_faith,
          roderic_filled_cross, uniq_terence
D:4:      layout_basic, serial_shops, nicolae_shop_industrial_runoff,
          nicolae_ea-nasir_strikes_again, hangedman_glass_teeth,
          chequers_serial_rivers_small_b, serial_bayou_pond_a,
          kennysheep_generic_room_12
D:5:      layout_basic, gammafunk_ghost_stat_death, minivault_1, uniq_menkaure,
          uniq_edmund, uniq_ijyb
D:6:      layout_loops_ring, temple_fountains, serial_demonic, serial_demonic_e,
          serial_demonic_d, serial_demonic_g, serial_demonic_b,
          minmay_misc_feat_tower, kennysheep_generic_room_9, uniq_blork_the_orc,
          uniq_pikel
D:7:      layout_rooms, serial_shops, nicolae_shop_waterfront, enter_bailey_7
D:8:      layout_basic, uniq_maurice, uniq_erica, uniq_jeremiah
D:9:      layout_basic, nemelex_diamond_rough_becter, uniq_amaemon
D:10:     layout_roguey, gammafunk_temple_overflow_elements, st_stairs_11,
          minmay_orc_keep
D:11:     layout_irregular_city, dpeg_oklobed_lair, serial_shops,
          nicolae_shop_stone, nrook_guardian_serpent_ordinary
D:12:     layout_basic, orc_david_3, grunt_decor_mini_mirrors, uniq_erolcha
D:13:     minmay_dotted_concentric_squares, layout_basic,
          hangedman_vaults_entry_quadrant_bands, serial_park_tiny_2
D:14:     layout_loops_ring, gauntlet_entry_generic, nicolae_hexahallways
D:15:     grunt_enter_depths_snipers, layout_irregular_city,
          nicolae_trove_entry_path_of_doom
Temple:   hellmonk_temple_of_storms
Lair:1:   layout_regular_city, wad_woods_road_02, hibernation_bobbens,
          wad_woods_river_01, infiniplex_staircase_pool
Lair:2:   layout_misc_corridors, alex1729_swamp_entry_worm_eleionoma,
          uniq_fannar
Lair:3:   layout_chaotic_city, guppyfry_snake_entry_garden,
          eino_house_with_fridge, serial_bayou_shore_a
Lair:4:   layout_cave_pods, slime_entry_1, cheibrodos_lair_lostbears,
          uniq_josephine
Lair:5:   minmay_lair_end_enchanted_forest, layout_small_grid, basic_altar,
          grunt_forest_small_clearings, minivault_27, grunt_forest_stairs_basic
Snake:1:  layout_layer_cave, basic_altar, uniq_aizul, uniq_louise
Orc:1:    layout_caves, gammafunk_ghost_split, minmay_orc_temple_a
Orc:2:    st_orc_rangers, layout_caves, nicolae_orc_sculptors_studio,
          uniq_saint_roka, uniq_donald
Abyss:2:  base: D:6, minivault_23, base: D:9, base: D:9, base: D:9, base: D:8,
          base: D:8, base: D:8, base: D:12, base: D:12, base:
D:12

Skill      XL: |  1  2  3  4  5  6  7  8  9 10 11 12 13 14 15 |
---------------+----------------------------------------------+-----
Stealth        | 3 7 |  7.7
Dodging        | 3 4 6 8 12 15 16 18 20 21 | 21.4
Conjurations   | 2 3 4 6 7 8 10 12 15 16 | 16.8
Earth Magic    | 4 6 7 10 | 10.0
Translocations | 4 5 |  5.0
Spellcasting   | 5 7 12 | 12.0
Fighting       | 5 |  5.0
Evocations     | 5 |  5.0

Action                     |  1- 3 |  4- 6 |  7- 9 | 10-12 | 13-15 || total
---------------------------+-------+-------+-------+-------+-------++-------
  Melee: Unarmed           |     1 |       |    14 |       |       ||    15
         Dagger            |       |     5 |     5 |     3 |    21 ||    34
         Staff             |       |       |       |     2 |    10 ||    12
   Cast: Sandblast         |    67 |    51 |    95 |   103 |   215 ||   531
         Stone Arrow       |       |     9 |    67 |   215 |   330 ||   621
         Iskenderun's Myst |       |       |     1 |    15 |    50 ||    66
         Mephitic Cloud    |       |       |       |     7 |    29 ||    36
         Lee's Rapid Decon |       |       |       |    14 |    66 ||    80
         Bombard           |       |       |       |       |   156 ||   156
  Evoke: Wand              |       |       |       |     2 |     5 ||     7
         Box of beasts     |       |       |       |       |     1 ||     1
         Condenser vane    |       |       |       |       |     1 ||     1
    Use: Potion            |       |     4 |     3 |     2 |    10 ||    19
         Scroll            |       |       |    13 |     6 |    19 ||    38
   Stab: Confused          |       |       |     2 |       |     1 ||     3
         Sleeping          |       |       |     1 |       |       ||     1
 Armour: Robe              |    13 |    31 |    38 |    71 |   209 ||   362
         Skin              |       |       |     2 |       |       ||     2
         Leather armour    |       |       |    16 |       |       ||    16
  Dodge: Dodged            |    20 |    31 |    81 |   133 |   582 ||   847
